 Dungeon Crawl Stone Soup version 0.25.0-41-g26779e291d (webtiles) character file.

Game seed: 1940850790801017229

43 Milting the Shield-Bearer (level 3, 0/30 HPs)
             Began as a Formicid Fighter on July 10, 2020.
             Slain by a gnoll
             ... wielding a +0 spear
              (2 damage)
             ... on level 2 of the Dungeon.
             The game lasted 00:05:48 (729 turns).

Milting the Shield-Bearer (Formicid Fighter)         Turns: 729, Time: 00:05:50

Health: 0/30       AC:  9    Str: 21    XL:     3   Next: 82%
Magic:  3/3        EV:  6    Int:  7    God:
Gold:   37         SH:  9    Dex: 10    Spells: 2/2 levels left

rFire    . . .     SeeInvis +   a - +0 long sword
rCold    . . .     Gourm    .   c - +0 kite shield
rNeg     . . .     Faith    .   e - +0 chain mail
rPois    .         Spirit   .   (helmet unavailable)
rElec    .         Reflect  .   (no cloak)
rCorr    .         Harm     .   (no gloves)
MR       .....                  (no boots)
Stlth    ..........             (no amulet)
HPRegen  0.10/turn              (no ring)
MPRegen  0.08/turn              (no ring)

@: no status effects
A: permanent stasis, dig shafts and tunnels, four strong arms, antennae 3
a: Dig, Shaft Self


You were on level 2 of the Dungeon.
You were not hungry.

You visited 1 branch of the dungeon, and saw 2 of its levels.

You collected 37 gold pieces.

Inventory:

Hand Weapons
 a - a +0 long sword (weapon)
Missiles
 h - 23 stones (quivered)
Armour
 b - a +0 scale mail
 c - a +0 kite shield (worn)
 e - a +0 chain mail (worn)
 k - a +0 chain mail
 n - a +0 chain mail
 p - a +0 scale mail
Scrolls
 g - 2 scrolls of noise {unknown}
 i - a scroll of teleportation {unknown}
 j - a scroll of identify {unknown}
 m - 3 scrolls of fear {unknown}
 u - a scroll of blinking {unknown}
Potions
 d - a potion of might
 l - a potion of brilliance {unknown}
 o - a potion of lignification {unknown}
 q - a potion of curing {unknown}
 r - a potion of resistance {unknown}
 s - a potion of mutation {unknown}
Comestibles
 f - 2 rations
 t - a chunk of flesh


   Skills:
 * Level 3.7 Fighting
 + Level 2.2 Long Blades
 * Level 3.7 Armour
 * Level 1.6 Stealth
 * Level 4.1 Shields


You had 2 spell levels left.
You didn't know any spells.
Your spell library was empty.

Dungeon Overview and Level Annotations

Branches:
Dungeon (2/15)

Altars:
Hepliaklqana


Innate Abilities, Weirdness & Mutations

You cannot be hasted, slowed, berserked, paralysed or teleported.
You can dig through walls and to a lower floor.
Your four strong arms can wield two-handed weapons with a shield.
You have a pair of large antennae on your head. (SInv)


Message History

The gnoll hits you from afar with a +0 spear.
There are monsters nearby!
There are monsters nearby!
There are monsters nearby!
There are monsters nearby!
There is a stone staircase leading up here.
You slash the gnoll!
You kill the gnoll!
The gnoll barely misses you.
The gnoll hits you from afar with a +0 spear.
* * * LOW HITPOINT WARNING * * *
You block the gnoll's attack.
You climb upwards.
There is a stone staircase leading down here.
You climb downwards.
The gnoll hits you from afar with a +0 spear!
* * * LOW HITPOINT WARNING * * *
There is a stone staircase leading up here.
The gnoll hits you from afar with a +0 spear.
You die...

##### #...#
#...########
#..........#
#..........#####
##.g............#
#@w.............##
###...............
#........#.#...#
#....#...._....#
#....#####.##..#
#....#......# #
.)...........#
...).).........
................


You could see a worm and a gnoll.

Vanquished Creatures
  2 gnolls (D:2)
  A worm (D:2)
  A bat (D:1)
  A giant cockroach (D:1)
  3 goblins (D:1)
  A hobgoblin (D:1)
  4 jackals (D:1)
  4 kobolds (D:1)
  A frilled lizard (D:1)
  A rat (D:2)
19 creatures vanquished.

Notes
Turn   | Place    | Note
-------+----------+-------------------------------------------
     0 | D:1      | Milting the Formicid Fighter began the quest for the Orb.
     0 | D:1      | Reached XP level 1. HP: 18/18 MP: 1/1
   140 | D:1      | Reached XP level 2. HP: 23/24 MP: 2/2
   182 | D:1      | Reached skill level 1 in Stealth
   679 | D:2      | Found a hazy altar of Hepliaklqana.
   686 | D:2      | Reached XP level 3. HP: 28/29 MP: 3/3
   695 | D:2      | Reached skill level 4 in Shields
   729 | D:2      | Slain by a gnoll

Illustrated notes

Levels and vault maps discovered:
D:1:      mrwooster_arrival_statue, layout_basic, st_stairs_13
D:2:      layout_basic, lemuel_crystal_altar,
          nicolae_ru_great_annihilating_truth, lemuel_crystal_altar,
          first_ration, serial_curves, eino_curves_03, eino_curves_04,
          minmay_tromino_v7

Skill      XL: |  1  2  3 |
---------------+----------+-----
Stealth        | 1 |  1.6
Shields        | 4 |  4.1
Fighting       | |  3.7
Long Blades    | |  2.2
Armour         | |  3.7

Action                   || total
-------------------------++-------
Melee: Long sword        ||    93
Armor: Chain mail        ||    55
Dodge: Dodged            ||    17
Block: Kite shield       ||    56
       Rpst.: Long sword ||     3
